 Dungeon Crawl Stone Soup version 0.29.0-13-gc9e81de378 (webtiles) character file.

Game seed: 4589838966996415735

74 sanka the Ducker (level 4, 0/31 HPs)
             Began as an Octopode Cinder Acolyte on Sept 8, 2022.
             Was a High Priest of Ignis.
             Frozen to death by an endoplasm (2 damage)
             ... on level 3 of the Dungeon.
             The game lasted 00:02:05 (2642 turns).

sanka the Ducker (Octopode Cinder Acolyte)          Turns: 2642, Time: 00:02:05

Health: 0/31       AC:  1    Str: 13    XL:     4   Next: 30%
Magic:  14/14      EV: 13    Int: 18    God:    Ignis [*****.]
Gold:   107        SH:  0    Dex:  7    Spells: 5/5 levels left

rFire   + . .      SeeInvis .     - Unarmed
rCold   . . .      Faith    .   (no shield)
rNeg    . . .      Spirit   .   (helmet restricted)
rPois   .          Reflect  .   (no amulet)
rElec   .          Harm     .   g - ring of flight
rCorr   +          Rampage  .   i - ring of resist corrosion
Will    .....                   o - ring of magical power
Stlth   ++........              (no ring)
HPRegen 0.10/turn               (no ring)
MPRegen 0.14/turn               (no ring)
                                (no ring)
                                (no ring)

@: lethally poisoned (0 -> -14), flying
A: almost no armour, amphibious, 8 rings, camouflage 1, gelatinous body 1,
(nimble swimmer 1), tentacles
a: Renounce Religion, Fiery Armour, Foxfire Swarm, Rising Flame


You were on level 3 of the Dungeon.
You worshipped Ignis.
Ignis was extremely pleased with you.
You visited 1 branch of the dungeon, and saw 3 of its levels.

You collected 107 gold pieces.


Innate Abilities, Weirdness & Mutations

You cannot wear most types of armour.
You are amphibious.
You can wear up to eight rings at the same time.
Your skin changes colour to match your surroundings (Stealth+).
Your rubbery body absorbs attacks. (AC +1, EV +1)
((You are camouflaged when in or above water. (Stealth+)))
You have tentacles for arms and can constrict up to eight enemies at once.


   Skills:
 - Level 3.0 Fighting
 + Level 3.8 Dodging
 - Level 3.0 Unarmed Combat
 - Level 1.0 Spellcasting
 - Level 3.0 Fire Magic


You had 5 spell levels left.
You didn't know any spells.
Your spell library contained the following spells:

 Spells                   Type           Power      Damage    Failure   Level
 Scorch                   Fire           22%        2d6       9%          2
 Malign Gateway           Summ/Tloc      0%         N/A       100%        7
 Summon Horrible Things   Summ           0%         N/A       100%        8

Inventory:

Jewellery
 g - a ring of flight (left tentacle)
 i - a ring of resist corrosion (right tentacle)
 n - a ring of fire
 o - a ring of magical power (on tentacle)
Wands
 j - a wand of mindburst (13)
Scrolls
 b - 4 scrolls of identify {unknown}
 c - 2 scrolls of vulnerability {unknown}
 d - a scroll of fear {unknown}
 k - a scroll of magic mapping {unknown}
 l - a scroll of enchant armour {unknown}
 p - a scroll of poison {unknown}
Potions
 a - a potion of lignification {unknown}
 e - 3 potions of curing {unknown}
 f - a potion of might {unknown}
 h - a potion of ambrosia {unknown}
 m - 2 potions of invisibility {unknown}

Dungeon Overview and Level Annotations

Branches:
Dungeon (3/15)

Altars:

.▒ ▒ ▒.▒▒
.▒.▒
▒.▒.▒▒▒▒▒.▒.
...........
..........▒ ▒
........▒.▒
▒..J....▒
▒.▒xs.▒
▒.....▒ ▒.▒
▒.▒▒▒.▒ ▒.▒
▒.....▒ ...
▒..▒▒.▒
▒▒.▒▒▒..▒▒▒▒
...........▒
▒.
▒▒..▒▒▒.▒▒.▒
.▒.
▒.)▒.▒.▒▒.▒▒▒


You could see a scorpion and an endoplasm.


Message History

Unknown command.
You tentacle-slap the scorpion but do no damage.
The scorpion is lightly wounded.
You feel sick. The scorpion stings you.
Unknown command.
You tentacle-slap the scorpion.
You squeeze the scorpion, but do no damage.
The scorpion is moderately wounded.
You feel sick. The endoplasm closely misses you.
The scorpion stings you but does no damage.
Unknown command.
You tentacle-slap the scorpion.
You squeeze the scorpion, but do no damage.
The scorpion is heavily wounded.
You feel sick. The scorpion stings you.
* * * LOW HITPOINT WARNING * * *
You are lethally poisoned!
The scorpion poisons you! The endoplasm barely misses you.
You tentacle-slap the scorpion.
The scorpion is severely wounded.
* * * LOW HITPOINT WARNING * * *
You feel very sick. The scorpion barely misses you. The endoplasm freezes you.
You are frozen.
You die...

Action                   |  1- 3 |  4- 6 || total
-------------------------+-------+-------++-------
Melee: Unarmed           |    78 |    43 ||   121
       Constrict         |    23 |     7 ||    30
       Tentacles         |    12 |     7 ||    19
       Punch             |     3 |       ||     3
 Stab: Sleeping          |     2 |     3 ||     5
Armor: Skin              |     7 |     6 ||    13
Dodge: Dodged            |    60 |    38 ||    98

Levels and vault maps discovered:
D:1:      dpeg_arrival_pond, layout_basic, hellmonk_ecumenical_altar_crossroads
D:2:      layout_basic, minmay_randomly_rotated_circles
D:3:      layout_basic, gammafunk_temple_overflow_wave, gup_sewer_entry_bubbles

Notes
Turn   | Place    | Note
-------+----------+-------------------------------------------
     0 | D:1      | sanka the Octopode Cinder Acolyte began the quest for the
                  | Orb.
     0 | D:1      | Reached XP level 1. HP: 16/16 MP: 2/2
   250 | D:1      | Reached skill level 1 in Dodging
   384 | D:1      | Reached XP level 2. HP: 10/21 MP: 3/3
   604 | D:1      | Found a faded altar of an unknown god.
   668 | D:1      | Reached skill level 2 in Dodging
  1221 | D:2      | Reached XP level 3. HP: 23/26 MP: 4/4
  1378 | D:2      | Reached skill level 3 in Dodging
  1519 | D:2      | HP: 2/26 [hobgoblin (1)]
  1520 | D:2      | Reached XP level 4. HP: 2/31 MP: 5/5
  2634 | D:3      | Noticed a scorpion
  2642 | D:3      | HP: 2/31 [poisoned by a scorpion]
  2642 | D:3      | Frozen to death by an endoplasm

Vanquished Creatures
  2 adders (D:2)
  2 worms (D:2)
  A dart slug (D:2)
  6 ball pythons
  9 bats
  2 endoplasms
  3 giant cockroaches
  3 goblins (D:1)
  3 hobgoblins
  A jackal (D:2)
  4 quokkas
  A frilled lizard (D:1)
  5 kobolds
  3 rats
45 creatures vanquished.
